 Dungeon Crawl Stone Soup version 0.31-a0-1300-gb6740aa (webtiles) character file.

Game seed: 4586962092699208549

1817289 wqsa789 the Omniscient (level 27, 233/244 HPs)
             Began as a Gnoll Gladiator on Dec 17, 2023.
             Was the Champion of Ashenzari.
             Escaped with the Orb
             ... and 3 runes on Dec 18, 2023!
             The game lasted 03:16:40 (59615 turns).

wqsa789 the Omniscient (Gnoll Gladiator)           Turns: 59615, Time: 03:16:40

Health: 233/244    AC: 47    Str: 23    XL:     27
Magic:  43/43      EV: 24    Int:  7    God:    Ashenzari [******]
Gold:   3411       SH: 22    Dex: 33    Spells: 71/76 levels left

rFire   + + +        L - +7 eudemon blade "Anxiety of Ashenzari" {holy, Self, Fort} (curse)
rCold   + + +        K - +2 shield of Resistance {rF++ rC++ Will++, Alch, Melee} (curse)
rNeg    + . .        u - +9 scales of the Dragon King {rPois rF+ rC+ Will+, Melee, Self} (curse)
rPois   +            c - +0 helmet "Circumscribed Augurer" {Cun, Fort} (curse)
rElec   +            M - +1 cloak "Per Aspera Ad Scientiam" {rCorr, Elem, Melee} (curse)
rCorr   +            I - +2 pair of gloves "Eternal Seer" {Dex+3, Self, Alch} (curse)
SInv    +            r - +3 pair of mountain boots {steadfast, rC+, Dev, Melee} (curse)
Will    +++++        v - amulet of Ashenzari's Oracle {Regen+, Melee, Fort} (curse)
Stlth   +            t - ring "Revealing Malaise" {rElec rF++ rC+ Str+6, Self, Alch} (curse)
HPRegen 1.40/turn    p - ring "Perceptive Inaction" {+Blink rN+ MP-9 Str+3 Dex+6, Self, Cun} (curse)
MPRegen 0.28/turn

%: clarity
@: no status effects
A: fangs 1, strong nose, distributed training, dopey 2, mutation resistance 1
0: Orb of Zot
}: 3/15 runes: barnacled, silver, gossamer
a: Renounce Religion, Evoke Blink, Shatter the Chains


You escaped.
You worshipped Ashenzari.
Ashenzari was exalted by your worship.
You visited 10 branches of the dungeon, and saw 48 of its levels.
You visited the Abyss 1 time.
You also visited: Gauntlet, Ice Cave, Volcano and Wizlab.

You collected 8117 gold pieces.
You spent 4706 gold pieces at shops.

Inventory:

Hand Weapons
 g - a +0 trident
 L - the cursed +7 eudemon blade "Anxiety of Ashenzari" (weapon) {holy, Self, Fort}
   (You took it off Mennas on level 4 of the Vaults)

   It has a curse which improves the following skills: Introspection: Fighting
   and Spellcasting.
   Fortitude: Armour and Shields.
Missiles
 d - 4 javelins (quivered)
 x - 6 throwing nets
 Z - 16 silver javelins
Armour
 c - the cursed +0 helmet "Circumscribed Augurer" (worn) {Cun, Fort}

   It has a curse which improves the following skills: Cunning: Dodging and
   Stealth.
   Fortitude: Armour and Shields.
 r - the cursed +3 pair of mountain boots (worn) {steadfast, rC+, Dev, Melee}
   (You found it in a Gauntlet)

   Steadfast: It prevents involuntary movement, except for blinking,
   teleportation, or banishment.
   rC+:       It protects you from cold.
   It has a curse which improves the following skills: Devices: Evocations and
   Shapeshifting.
   Melee Combat: Short Blades, Long Blades, Axes, Maces & Flails, Polearms,
   Staves and Unarmed Combat.
 u - the cursed +9 scales of the Dragon King (worn) {rPois rF+ rC+ Will+, Melee, Self}
   (You bought it in a shop on level 2 of the Orcish Mines)

   rF+:       It protects you from fire.
   rC+:       It protects you from cold.
   rPois:     It protects you from poison Will+: It increases your willpower.
   It has a curse which improves the following skills: Melee Combat: Short
   Blades, Long Blades, Axes, Maces & Flails, Polearms, Staves and Unarmed
   Combat.
   Introspection: Fighting and Spellcasting.
 I - the cursed +2 pair of gloves "Eternal Seer" (worn) {Dex+3, Self, Alch}
   (You found it on level 3 of the Elven Halls)

   It has a curse which improves the following skills: Introspection: Fighting
   and Spellcasting.
   Alchemy:   Poison Magic and Transmutations.
 K - the cursed +2 shield of Resistance (worn) {rF++ rC++ Will++, Alch, Melee}
   (You bought it in a shop on level 1 of the Dungeon)

   rF++:      It greatly protects you from fire.
   rC++:      It greatly protects you from cold.
   Will++:    It greatly increases your willpower.
   It has a curse which improves the following skills: Alchemy: Poison Magic and
   Transmutations.
   Melee Combat: Short Blades, Long Blades, Axes, Maces & Flails, Polearms,
   Staves and Unarmed Combat.
 M - the cursed +1 cloak "Per Aspera Ad Scientiam" (worn) {rCorr, Elem, Melee}
   (You found it on level 4 of the Lair of Beasts)

   It has a curse which improves the following skills: Elements: Fire Magic, Ice
   Magic, Air Magic and Earth Magic.
   Melee Combat: Short Blades, Long Blades, Axes, Maces & Flails, Polearms,
   Staves and Unarmed Combat.
 Q - a +2 helmet of intelligence
Jewellery
 l - the ring "Xeinlafy" {rElec rF- Will- Str+3 Dex+4 Slay+4}
   (You found it on level 9 of the Dungeon)

   [ring of slaying]

   Str+3:     It affects your strength (+3).
   Dex+4:     It affects your dexterity (+4).
   Slay+4:    It affects your accuracy & damage with ranged weapons and melee
   (+4).
   rF-:       It makes you vulnerable to fire.
   rElec:     It insulates you from electricity.
   Will-:     It decreases your willpower.
 p - the cursed ring "Perceptive Inaction" (right hand) {+Blink rN+ MP-9 Str+3 Dex+6, Self, Cun}
   (You found it on level 15 of the Dungeon)

   [ring of dexterity]

   Str+3:     It affects your strength (+3).
   Dex+6:     It affects your dexterity (+6).
   rN+:       It protects you from negative energy.
   MP-9:      It affects your magic capacity (-9).
   +Blink:    It lets you blink.
   It has a curse which improves the following skills: Introspection: Fighting
   and Spellcasting.
   Cunning:   Dodging and Stealth.
 t - the cursed ring "Revealing Malaise" (left hand) {rElec rF++ rC+ Str+6, Self, Alch}
   (You found it on level 1 of the Elven Halls)

   [ring of strength]

   Str+6:     It affects your strength (+6).
   rF++:      It greatly protects you from fire.
   rC+:       It protects you from cold.
   rElec:     It insulates you from electricity.
   It has a curse which improves the following skills: Introspection: Fighting
   and Spellcasting.
   Alchemy:   Poison Magic and Transmutations.
 v - the cursed amulet of Ashenzari's Oracle (around neck) {Regen+, Melee, Fort}
   (You found it on level 9 of the Dungeon)

   [amulet of regeneration]

   Regen+:    It increases your rate of health regeneration.
   It has a curse which improves the following skills: Melee Combat: Short
   Blades, Long Blades, Axes, Maces & Flails, Polearms, Staves and Unarmed
   Combat.
   Fortitude: Armour and Shields.
Wands
 b - a wand of roots (1)
 y - a wand of polymorph (18)
 T - a wand of light (11)
 Y - a wand of paralysis (38)
Scrolls
 h - 2 scrolls of poison
 j - 8 scrolls of teleportation
 m - 3 scrolls of silence
 A - 14 scrolls of immolation
 C - 11 scrolls of vulnerability
 D - a scroll of torment
 G - 8 scrolls of enchant armour
 N - 3 scrolls of fear
 R - 3 scrolls of revelation
Potions
 f - 9 potions of enlightenment
 k - 2 potions of resistance
 o - 5 potions of magic
 q - 14 potions of curing
 s - 5 potions of mutation
 w - 8 potions of ambrosia
 H - a potion of heal wounds
 J - 2 potions of lignification
 P - 8 potions of attraction
 S - 5 potions of berserk rage
 U - 7 potions of invisibility
 V - 4 potions of brilliance
Miscellaneous
 a - a condenser vane
 e - a phantom mirror (inert)
 i - a phial of floods
 F - a lightning rod (2/4)


   Skills:
 + Level 19.3(25.6) Fighting
 + Level 18.9(25.2) Short Blades
 + Level 19.8(26.1) Long Blades
 + Level 18.9(25.2) Axes
 + Level 18.9(25.2) Maces & Flails
 + Level 18.9(25.2) Polearms
 + Level 18.9(25.2) Staves
 + Level 18.9 Ranged Weapons
 + Level 19.3 Throwing
 + Level 18.9(23.3) Armour
 + Level 19.8(23.1) Dodging
 + Level 18.9(22.2) Stealth
 + Level 18.9(23.3) Shields
 + Level 18.9(25.2) Unarmed Combat
 + Level 18.9(25.2) Spellcasting
 + Level 16.1 Conjurations
 + Level 16.1 Hexes
 + Level 16.1 Summonings
 + Level 16.1 Necromancy
 + Level 16.1 Translocations
 + Level 16.1(20.7) Transmutations
 + Level 16.1(18.4) Fire Magic
 + Level 16.1(18.4) Ice Magic
 + Level 16.1(18.4) Air Magic
 + Level 16.1(18.4) Earth Magic
 + Level 16.1(20.7) Poison Magic
 + Level 20.4 Invocations
 + Level 18.9(21.1) Evocations
 + Level 17.4(19.7) Shapeshifting


You had 71 spell levels left.
You knew the following spells:

 Your Spells              Type           Power      Damage    Failure   Level
a - Borgnjor's Vile Clut  Necr/Erth      16%        N/A       1%          5

Your spell library contained the following spells:

 Spells                   Type           Power      Damage    Failure   Level
 Sting                    Tmut/Pois      100%       1d8       0%          1
 Apportation              Tloc           62%        N/A       1%          1
 Freeze                   Ice            100%       1d10      1%          1
 Kiss of Death            Conj/Necr      100%       2d13      1%          1
 Magic Dart               Conj           100%       1d8       1%          1
 Necrotise                Necr           100%       1d9       1%          1
 Shock                    Conj/Air       100%       1d9       1%          1
 Slow                     Hex            100%       N/A       1%          1
 Summon Small Mammal      Summ           100%       N/A       1%          1
 Call Imp                 Summ           62%        N/A       1%          2
 Ensorcelled Hibernation  Hex/Ice        66%        N/A       1%          2
 Jinxbite                 Hex            62%        N/A       1%          2
 Scorch                   Fire           68%        2d7       1%          2
 Static Discharge         Conj/Air       66%        3-6/arc   1%          2
 Sublimation of Blood     Necr           31%        N/A       1%          2
 Confusing Touch          Hex            31%        N/A       1%          3
 Frozen Ramparts          Ice            68%        1d11      1%          3
 Hailstorm                Conj/Ice       33%        3d8       1%          3
 Inner Flame              Hex/Fire       33%        N/A       1%          3
 Mephitic Cloud           Conj/Pois/Air  34%        N/A       1%          3
 Ozocubu's Armour         Ice            34%        N/A       1%          3
 Sigil of Binding         Hex            31%        N/A       1%          3
 Stone Arrow              Conj/Erth      66%        3d11      1%          3
 Swiftness                Air            34%        N/A       1%          3
 Tukima's Dance           Hex            31%        N/A       1%          3
 Vampiric Draining        Necr           31%        2d8       1%          3
 Volatile Blastmotes      Fire/Tloc      66%        2d15      1%          3
 Airstrike                Air            17%        2d(3-19)  1%          4
 Anguish                  Hex/Necr       15%        N/A       1%          4
 Animate Armour           Summ/Erth      66%        N/A       1%          4
 Animate Dead             Necr           31%        N/A       1%          4
 Cause Fear               Hex            15%        N/A       1%          4
 Dimensional Bullseye     Hex/Tloc       15%        N/A       1%          4
 Dispel Undead            Necr           31%        3d14      1%          4
 Flame Wave               Conj/Fire      33%        2d10      1%          4
 Fulminant Prism          Conj/Hex       15%        3d10      1%          4
 Iskenderun's Mystic Bla  Conj/Tloc      31%        2d8       1%          4
 Passage of Golubria      Tloc           31%        N/A       1%          4
 Petrify                  Tmut/Erth      36%        N/A       1%          4
 Summon Lightning Spire   Summ/Air       33%        N/A       1%          4
 Alistair's Intoxication  Tmut/Pois      24%        N/A       1%          5
 Fireball                 Conj/Fire      16%        3d8       1%          5
 Irradiate                Conj/Tmut      17%        3d17      1%          5
 Iskenderun's Battlesphe  Conj           31%        2d8       1%          5
 Silence                  Hex/Air        16%        N/A       1%          5
 Summon Forest            Summ/Tloc      15%        N/A       1%          5
 Summon Mana Viper        Hex/Summ       31%        N/A       1%          5
 Yara's Violent Unravell  Hex/Tmut       17%        3d8       1%          5
 Eringya's Noxious Bog    Tmut/Pois      18%        4d6       1%          6
 Bombard                  Conj/Erth      16%        9d3       6%          6
 Simulacrum               Ice/Necr       16%        N/A       6%          6
 Death Channel            Necr           15%        N/A       11%         6
 Summon Cactus Giant      Summ           15%        N/A       11%         6
 Ozocubu's Refrigeration  Ice            17%        4d11      22%         7
 Enfeeble                 Hex            15%        N/A       50%         7
 Haunt                    Necr/Summ      15%        N/A       50%         7
 Malign Gateway           Summ/Tloc      15%        N/A       50%         7
 Spellforged Servitor     Conj/Summ      15%        N/A       50%         7
 Summon Hydra             Summ           15%        N/A       50%         7
 Lehudib's Crystal Spear  Conj/Erth      16%        10d5      95%         8
 Borgnjor's Revivificati  Necr           15%        N/A       99%         8
 Infestation              Necr           15%        N/A       99%         8
 Summon Horrible Things   Summ           15%        N/A       99%         8
 Death's Door             Necr           15%        N/A       100%        9
 Dragon's Call            Summ           15%        N/A       100%        9
 Polar Vortex             Ice            17%        12d2*     100%        9


Dungeon Overview and Level Annotations

Branches:
Dungeon (15/15)            Temple (1/1) D:6            Lair (5/5) D:8
 Shoals (4/4) Lair:3       Spider (4/4) Lair:3        Slime (0/5) Lair:5
    Orc (2/2) D:9             Elf (3/3) Orc:2        Vaults (5/5) D:13
  Crypt (0/3) Vaults:2     Depths (4/4) D:15            Zot (5/5) Depths:4
  IceCv (visited)         Volcano (visited)          WizLab (visited)
Gauntlet (visited)

Altars:
Ashenzari
Cheibriados
Dithmenos
Elyvilon
Fedhas
Gozag
Hepliaklqana
Kikubaaqudgha
Makhleb
Nemelex Xobeh
Okawaru
Qazlal
Ru
Sif Muna
Trog
Uskayaw
Vehumet
Wu Jian
Xom
Yredelemnul
Zin
The Shining One
Jiyva

Shops:
D:1 [![[(   D:6 *   Orc:2 [***   Elf:1 :   Elf:2 :   Shoals:4 [   Vaults:1 (
Vaults:2 (   Vaults:3 ?   Depths:3 =:=   Depths:4 ??

Portals:
Hell: Depths:1 Depths:2 Depths:3 Depths:4
Abyss: Depths:2 Depths:3 Depths:4
Pandemonium: Depths:2
Ziggurat: Depths:1

Annotations:
Lair:1 exclusion: oklob plant
Orc:2 1 runed translucent door, gwaga3's ghost, journeyman FoHu
Elf:2 3 runed translucent doors


Innate Abilities, Weirdness & Mutations

You have very sharp teeth.
Your uncanny sense of smell can sniff out nearby items.
Your experience applies equally to all skills.
You are very dopey. (Int -4)
You are somewhat resistant to further mutation.


Message History

You block the blizzard demon's attack. x2; Ytwyej Maw hits Ytwyej Maw.
Ytwyej Maw drains Ytwyej Maw's vigour!
Ytwyej Maw seems to slow down.
You completely miss Ytwyej Maw.
Ytwyej Maw is almost dead.
Ytwyej Maw closely misses you.
You completely miss Ytwyej Maw. Your bite misses Ytwyej Maw.
Ytwyej Maw is almost dead.
Ytwyej Maw shimmers and vanishes!
You block the blizzard demon's attack. x2; You block Ytwyej Maw's attack.
You slice Ytwyej Maw!!
You kill Ytwyej Maw!
The blizzard demon gestures at you.
The bolt of cold hits you but does no damage.
Your condenser vane has recharged.
You open the blizzard demon like a pillowcase!!!
The blizzard demon convulses.
The blizzard demon is almost dead.
You hit the blizzard demon.
The blizzard demon convulses.
You kill the blizzard demon!
The ice devil hits you. The ice devil freezes you. You resist.
You barely miss the ice devil. You slice the ice devil!!
The ice devil convulses!!
The ice devil is almost dead.
You block the ice devil's attack. You block the chaos spawn's attack.
You slice the ice devil like a ripe choko!!!
You kill the ice devil!
You block the chaos spawn's attack.
You slash the chaos spawn!
The chaos spawn convulses!!
You kill the chaos spawn!
The chaos spawn degenerates into a cloud of primal chaos!
Your extra speed is starting to run out.
No target in view!
No target in view!
Key pressed, stopping travel.
You feel yourself slow down.
You feel yourself speed up.
You open the door.
There is an open door here.
There is a staircase leading out of the dungeon here.
You have escaped!

.###.# ###.............###
#. .....#
##.................## ##
.#####
##......####.........## .#
##.....########........## .#
#.....###....####.......# .#
##....##........###......##
.#
#.(..###...###...##.......#
.#
#....##...###'#..###......##
##
#....##..##@.###..##.......#
#....###..##.###..###......#
##....##.....##...###......#
##....#######....##........
# #......####....###........
## ##............##
#........ .######
####......#### ##........
#.....# ######## #.....>...
.####.#
############.........


There were no monsters in sight!

Vanquished Creatures
  2 pandemonium lords
  4 dread liches
  Frederick (Vaults:5)
  3 orbs of fire
  Mara (Spider:4)
  An ancient lich (Zot:5)
  Mennas (Vaults:4)
  Xtahua (Vaults:3)
  Boris (Vaults:2)
  Parghit (Depths:3)
  Bai Suzhen (Vaults:2)
  6 Killer Klowns (Zot:5)
  6 caustic shrikes
  2 curse toes (Zot:5)
  7 golden dragons
  Arachne (Spider:4)
  A bone dragon (Depths:4)
  2 electric golems (Zot:5)
  13 tentacled monstrosities
  Jorgrun (Shoals:3)
  Zenata (Vaults:2)
  A walking earthen tome (Depths:2)
  2 deep elf blademasters (Elf:3)
  24 Orb Guardians
  6 titans
  5 liches
  11 sphinxes
  2 tentacled starspawn (Abyss:3)
  3 deep elf master archers (Elf:3)
  2 krakens (Shoals:4)
  5 quicksilver dragons
  A walking divine tome (Depths:2)
  7 death cobs
  An Executioner (Zot:1)
  Polyphemus (Shoals:2)
  Kirke (D:15)
  Gastronok (Lair:2)
  12 shadow dragons
  Roxanne (Shoals:2)
  Agnes (Spider:4)
  13 storm dragons
  8 tengu reavers
  Aizul (Vaults:4)
  11 fire giants
  Ilsuiw (Shoals:3)
  5 draconian knights
  2 draconian shifters
  16 frost giants
  5 draconian monks
  9 emperor scorpions
  4 iron dragons
  An angel (Abyss:3)
  5 draconian scorchers
  2 protean progenitors (Zot:5)
  4 deep elf elementalists
  20 vault wardens
  6 deep elf sorcerers
  23 ironbound preservers
  4 orc warlords
  A draconian annihilator (Zot:5)
  The ghost of december12 the Fencer, a journeyman BaAr of Dithmenos (D:15)
  2 ghost moths (Spider:4)
  2 spriggan defenders (Depths:2)
  A draconian stormcaller (Zot:1)
  16 very ugly things
  13 stone giants
  A war gargoyle (Vaults:5)
  A formless jellyfish (Vaults:3)
  A broodmother (Spider:3)
  3 vampire knights
  Nessos (D:15)
  7 ironbound thunderhulks
  11 deep elf annihilators
  2 green draconians
  8 spark wasps
  9 deep elf death magi
  2 deep elf demonologists
  10 white draconians
  5 yellow draconians
  5 red draconians
  10 black draconians
  A bunyip (Abyss:3)
  26 dire elephants
  Azrael (D:15)
  7 purple draconians
  A blizzard demon (D:1)
  Josephine (D:15)
  A crystal guardian (Vaults:1)
  3 merfolk javelineers
  17 ettins
  3 jiangshi
  The ghost of Rotomm the Alchemist, a journeyman DsSh of Xom (Lair:4)
  4 fire dragons
  11 yaktaur captains
  5 entropy weavers
  15 merfolk impalers
  13 deep elf high priests
  42 vault guards
  7 great orbs of eyes
  A hell beast (Zot:1)
  A peacekeeper (Vaults:1)
  3 catoblepae
  13 ice dragons
  4 hydras
  9 spriggan air magi
  2 rakshasas
  2 caustic shrike simulacra (IceCv)
  2 alligators (Zot:5)
  8 ironbound frosthearts
  7 merfolk aquamancers
  2 ogre magi
  7 radroaches
  A jorogumo (Spider:4)
  23 dancing weapons
  9 boulder beetles
  4 merfolk avatars
  2 death knights
  14 centaur warriors
  A satyr (Shoals:2)
  5 deep troll shamans
  Erica (D:10)
  29 death yaks
  20 tengu warriors
  An alligator snapping turtle (Shoals:2)
  9 demonic crawlers
  9 deep troll earth magi
  8 two-headed ogres
  3 vampire magi
  Sonja (Lair:3)
  6 hell knights
  4 spriggan berserkers
  4 occultists (Depths:2)
  7 orc high priests
  A thrashing horror (Abyss:3)
  9 deep elf knights
  5 skysharks
  A soul eater (D:3)
  A fire crab (Gauntlet)
  4 iron trolls
  A sixfirhy (Abyss:3)
  2 sun moths
  3 pharaoh ants
  A shadow wraith (Vaults:4)
  Amaemon (Lair:3)
  Lodul (D:10)
  A salamander mystic (Volcano)
  7 sea snakes
  59 deep trolls
  3 flayed ghosts
  6 arcanists
  A glowing orange brain (shapeshifter) (Vaults:5)
  2 deep elf archers (Elf:3)
  10 orc knights
  2 glowing orange brains
  19 ironbound convokers
  2 orange crystal statues
  6 bog bodies (IceCv)
  3 steelbarb worms
  A death drake (shapeshifter) (Vaults:5)
  7 orb spiders
  2 phantasmal warriors (Vaults:5)
  An obsidian statue (IceCv)
  Pikel (D:7)
  18 harpies
  25 deep elf pyromancers
  11 lindwurms
  2 spriggan simulacra (IceCv)
  19 fauns
  3 necromancers
  19 deep elf zephyrmancers
  A harpy (shapeshifter) (D:14)
  33 ugly things
  18 wolf spiders
  2 orc sorcerers
  4 salamanders
  A worldbinder (Abyss:3)
  15 cyclopes
  7 manticores
  22 moths of wrath
  A shining eye (shapeshifter) (Vaults:5)
  Maurice (Orc:2)
  9 merfolk sirens
  An oklob plant (Lair:4)
  24 elephants
  Joseph (D:8)
  16 vault sentinels
  4 black mambas
  A cane toad (shapeshifter) (Vaults:5)
  4 kobold blastminers
  An orange demon (Lair:3)
  6 water nymphs
  3 torpor snails (Spider:3)
  10 cane toads
  5 komodo dragons
  An unseen horror (D:13)
  4 gargoyles
  A komodo dragon (shapeshifter) (Vaults:5)
  2 efreet
  17 freezing wraiths
  Jeremiah (D:9)
  2 anaconda simulacra (IceCv)
  14 yaktaurs
  A yaktaur (shapeshifter) (Vaults:5)
  2 ice devils
  2 golden dragon simulacra (IceCv)
  13 rime drakes
  2 kobold demonologists (D:12)
  6 tengu conjurers
  29 merfolk
  A queen bee (D:10)
  9 meliai
  3 ancient zymes (Abyss:3)
  7 trolls
  A polar bear (Lair:3)
  A wolf spider simulacrum (Gauntlet)
  3 alligator simulacra (IceCv)
  6 hornets
  7 snapping turtles
  2 glass eyes (Depths:2)
  30 tarantellas
  9 wind drakes
  21 dream sheep
  21 slime creatures
  16 blink frogs
  2 air elementals
  2 centaur simulacra (Gauntlet)
  29 jumping spiders
  6 dire elephant simulacra (IceCv)
  10 spriggans
  19 culicivoras
  A human (D:13)
  A vampire (Abyss:3)
  2 ynoxinuls
  6 basilisks
  40 water elementals
  45 yaks
  8 wyverns
  Grum (D:9)
  6 wraiths
  4 fire bats
  7 fire elementals
  An unseen horror simulacrum (D:9)
  An iron golem (WizLab)
  4 steam dragons
  83 redbacks
  A vampire mosquito (D:9)
  18 wargs
  A chaos spawn (D:1)
  4 harpy simulacra
  6 small abominations
  An acid dragon (D:11)
  5 hell hounds
  A hydra simulacrum (IceCv)
  11 water moccasins
  9 black bears
  30 orc warriors
  5 boggarts
  A sky beast (D:6)
  25 wolves
  22 ogres
  19 centaurs
  4 lemures (D:7)
  2 phantoms
  4 kobold brigands
  18 bullfrogs
  3 deep troll simulacra (IceCv)
  2 scorpions
  9 wights
  3 lindwurm simulacra (IceCv)
  2 vampire bats (Lair:5)
  14 killer bees (D:10)
  A lava snake (D:13)
  7 crimson imps (D:10)
  3 hounds
  26 orc priests
  2 gnoll boudas
  A jelly (D:4)
  Crazy Yiuf (D:3)
  A sleepcap (D:6)
  2 iguanas
  10 hell rats (Lair:3)
  20 orc wizards
  Robin (D:2)
  7 adders
  11 gnolls
  A river rat (D:9)
  2 shadow imps (D:10)
  2 white imps
  A worm (D:3)
  The ghost of Ifayps the Shield-Bearer, a weakling FoFi (D:15)
  A dart slug (D:2)
  85 orcs
  5 ball pythons
  16 bats
  9 endoplasms
  4 giant cockroaches
  15 goblins
  6 hobgoblins
  4 quokkas
  3 frilled lizards
  37 kobolds
  5 rats
  2 butterflies
  3 starspawn tentacles (Abyss:3)
  3 tentacles (Shoals:4)
2257 creatures vanquished.

Vanquished Creatures (collateral kills)
  An ancient lich (Zot:1)
  2 Killer Klowns (Zot:1)
  A black draconian (Zot:5)
  2 yellow draconians (Zot:1)
  A merfolk javelineer (Depths:1)
  A tengu warrior (Depths:1)
  A deep troll shaman (Depths:3)
  A hell knight (Depths:1)
  An ironbound convoker (Vaults:5)
  A moth of wrath (Zot:1)
  A slime creature (Vaults:2)
  A spriggan (Lair:4)
14 creatures vanquished.

Vanquished Creatures (others)
  A fire giant (Depths:2)
  A yaktaur captain (Vaults:5)
  An ironbound convoker (Vaults:5)
  A deep elf pyromancer (Elf:1)
  A moth of wrath (Zot:5)
  A culicivora (Spider:1)
  A vampire (D:10)
  4 humans (D:15)
  A redback (Spider:3)
  A centaur (D:14)
  An orc wizard (D:11)
  5 starspawn tentacles (Abyss:3)
  16 tentacles (Shoals:4)
35 creatures vanquished.

Grand Total: 2306 creatures vanquished

Notes
Turn   | Place    | Note
-------+----------+-------------------------------------------
     0 | D:1      | wqsa789 the Gnoll Gladiator began the quest for the Orb.
     0 | D:1      | Reached XP level 1. HP: 20/20 MP: 1/1
   239 | D:1      | Found Ytzasam's Distillery.
   327 | D:1      | Reached XP level 2. HP: 26/26 MP: 2/2
   462 | D:1      | Found Tyish's Antique Armour Emporium.
   462 | D:1      | Found Myirom's Antique Armour Shop.
   493 | D:1      | Found a transporter.
   498 | D:1      | Found Yddow's Weapon Boutique.
   694 | D:1      | Found a transporter.
   809 | D:1      | Found Xyruyd's Armour Emporium.
  1136 | D:2      | Reached XP level 3. HP: 24/31 MP: 2/4
  1360 | D:2      | Reached skill level 1 in Invocations
  1389 | D:2      | Noticed Robin
  1718 | D:3      | Reached skill level 1 in Short Blades
  1718 | D:3      | Reached skill level 1 in Axes
  1718 | D:3      | Reached skill level 1 in Maces & Flails
  1718 | D:3      | Reached skill level 1 in Polearms
  1718 | D:3      | Reached skill level 1 in Staves
  1718 | D:3      | Reached skill level 1 in Ranged Weapons
  1718 | D:3      | Reached skill level 1 in Armour
  1718 | D:3      | Reached skill level 1 in Stealth
  1718 | D:3      | Reached skill level 1 in Shields
  1718 | D:3      | Reached skill level 1 in Unarmed Combat
  1718 | D:3      | Reached skill level 1 in Spellcasting
  1718 | D:3      | Reached skill level 1 in Evocations
  1813 | D:3      | Found a sacrificial altar of Ru.
  1833 | D:3      | Reached XP level 4. HP: 38/38 MP: 5/5
  1857 | D:3      | Reached skill level 1 in Shapeshifting
  2327 | D:1      | Reached skill level 1 in Conjurations
  2327 | D:1      | Reached skill level 1 in Hexes
  2327 | D:1      | Reached skill level 1 in Summonings
  2327 | D:1      | Reached skill level 1 in Necromancy
  2327 | D:1      | Reached skill level 1 in Translocations
  2327 | D:1      | Reached skill level 1 in Transmutations
  2327 | D:1      | Reached skill level 1 in Fire Magic
  2327 | D:1      | Reached skill level 1 in Ice Magic
  2327 | D:1      | Reached skill level 1 in Air Magic
  2327 | D:1      | Reached skill level 1 in Earth Magic
  2327 | D:1      | Reached skill level 1 in Poison Magic
  2481 | D:2      | Killed Robin
  2524 | D:2      | Reached XP level 5. HP: 28/43 MP: 5/7
  3193 | D:3      | Found a runed translucent door.
  3194 | D:3      | Noticed Crazy Yiuf
  3205 | D:3      | Found a faded altar of an unknown god.
  3656 | D:3      | Killed Crazy Yiuf
  3657 | D:3      | Reached skill level 2 in Invocations
  3657 | D:3      | Reached XP level 6. HP: 43/50 MP: 8/8
  3835 | D:4      | Reached skill level 5 in Fighting
  3835 | D:4      | Reached skill level 5 in Throwing
  3857 | D:4      | Identified the +4 ring mail of Burning the Good {rC+ MP+9
                  | Stlth+}
  4259 | D:4      | Reached XP level 7. HP: 56/56 MP: 10/10
  4522 | D:4      | Found a shimmering altar of Xom.
  4537 | D:5      | Entered Level 5 of the Dungeon
  4717 | D:5      | Reached skill level 3 in Invocations
  4991 | D:5      | Found a radiant altar of Vehumet.
  5452 | D:6      | Found a snail-covered altar of Cheibriados.
  5513 | D:6      | Noticed a steam dragon
  5525 | D:6      | Reached XP level 8. HP: 42/63 MP: 12/12
  5616 | D:6      | Found Zin's Purification Station.
  5619 | D:6      | Found a glowing silver altar of Zin.
  5873 | D:6      | Identified the +7 dagger "Newtbane" {heavy, Dex+4}
  5919 | D:6      | Found a staircase to the Ecumenical Temple.
  6018 | Temple   | Entered the Ecumenical Temple
  6107 | Temple   | Became a worshipper of Ashenzari the Shackled
  6757 | D:7      | Reached skill level 4 in Invocations
  7106 | D:7      | Noticed Pikel
  7236 | D:7      | Reached XP level 9. HP: 69/69 MP: 14/14
  7260 | D:7      | Killed Pikel
  7399 | D:8      | Noticed Joseph
  7405 | D:8      | Killed Joseph
  7525 | D:8      | Noticed an elephant
  7528 | D:8      | Noticed a komodo dragon
  7541 | D:8      | Reached skill level 5 in Invocations
  7552 | D:8      | Killed an elephant
  7802 | D:7      | Reached * piety under Ashenzari
  7857 | D:8      | Noticed a merfolk
  8127 | D:8      | Reached XP level 10. HP: 61/77 MP: 17/17
  8206 | D:8      | Reached skill level 5 in Short Blades
  8206 | D:8      | Reached skill level 5 in Axes
  8206 | D:8      | Reached skill level 5 in Maces & Flails
  8206 | D:8      | Reached skill level 5 in Polearms
  8206 | D:8      | Reached skill level 5 in Staves
  8206 | D:8      | Reached skill level 5 in Ranged Weapons
  8206 | D:8      | Reached skill level 5 in Armour
  8206 | D:8      | Reached skill level 5 in Stealth
  8206 | D:8      | Reached skill level 5 in Shields
  8206 | D:8      | Reached skill level 5 in Unarmed Combat
  8206 | D:8      | Reached skill level 5 in Spellcasting
  8206 | D:8      | Reached skill level 5 in Evocations
  8643 | D:8      | Reached skill level 6 in Invocations
  8643 | D:8      | Reached skill level 5 in Shapeshifting
  9396 | D:8      | Found a staircase to the Lair.
  9396 | D:8      | Noticed an elephant
  9491 | D:8      | Found a shimmering blue altar of Sif Muna.
  9491 | D:8      | Identified Sif Muna's Excursus on the Jaunt
  9491 | D:8      | Identified Sif Muna's Collected Works on Austromancy
  9491 | D:8      | Identified Sif Muna's Vellum of Transposition
  9585 | D:9      | Noticed Jeremiah
  9599 | D:9      | Found an iron altar of Okawaru.
  9607 | D:9      | Killed Jeremiah
  9849 | D:9      | Reached XP level 11. HP: 84/84 MP: 19/19
  9935 | D:9      | Reached skill level 5 in Conjurations
  9935 | D:9      | Reached skill level 5 in Hexes
  9935 | D:9      | Reached skill level 5 in Summonings
  9935 | D:9      | Reached skill level 5 in Necromancy
  9935 | D:9      | Reached skill level 5 in Translocations
  9935 | D:9      | Reached skill level 5 in Transmutations
  9935 | D:9      | Reached skill level 5 in Fire Magic
  9935 | D:9      | Reached skill level 5 in Ice Magic
  9935 | D:9      | Reached skill level 5 in Air Magic
  9935 | D:9      | Reached skill level 5 in Earth Magic
  9935 | D:9      | Reached skill level 5 in Poison Magic
  9974 | D:9      | Reached ** piety under Ashenzari
 10015 | D:9      | Found a staircase to the Orcish Mines.
 10113 | D:9      | Found a burning altar of Makhleb.
 10113 | D:9      | Noticed a cacodemon
 10456 | D:9      | Noticed a boulder beetle
 10460 | D:9      | Noticed Grum
 10489 | D:9      | Identified the cursed +0 helmet "Circumscribed Augurer"
                  | {Cun, Fort}
 10489 | D:9      | Identified the cursed +1 pair of gloves of Ashenzari's
                  | Urgency {Alch, Melee} (You found it on level 5 of the
                  | Dungeon)
 10500 | D:9      | Killed a boulder beetle
 10509 | D:9      | Killed Grum
 10510 | D:9      | Reached skill level 7 in Invocations
 10607 | D:9      | Found an opulent altar of Gozag.
 10611 | D:9      | Identified the ring "Xeinlafy" {rElec rF- Will- Str+3 Dex+4
                  | Slay+4}
 10866 | D:10     | Entered Level 10 of the Dungeon
 11215 | D:10     | Found a blossoming altar of Fedhas.
 11320 | D:10     | Noticed Lodul
 11320 | D:10     | Noticed a two-headed ogre
 11320 | D:10     | Noticed Erica
 11331 | D:10     | Killed Erica
 11332 | D:10     | Killed Lodul
 11352 | D:10     | Killed a two-headed ogre
 11489 | D:10     | Found a glowing golden altar of the Shining One.
 11585 | D:10     | Reached XP level 12. HP: 94/94 MP: 22/22
 11821 | D:11     | Noticed a boulder beetle
 11837 | D:11     | Killed a boulder beetle
 12153 | D:11     | Reached *** piety under Ashenzari
 12260 | D:11     | Noticed a two-headed ogre
 12269 | D:11     | Killed a two-headed ogre
 12270 | D:11     | Reached skill level 8 in Invocations
 12608 | D:1      | Bought the +2 shield of Resistance {rF++ rC++ Will++} for
                  | 1269 gold pieces
 12608 | D:1      | Found the +2 shield of Resistance {rF++ rC++ Will++}
 12775 | Orc:1    | Entered Level 1 of the Orcish Mines
 12777 | Orc:1    | Noticed an orc warlord
 12829 | Orc:1    | Killed an orc warlord
 12913 | Orc:1    | Reached skill level 10 in Long Blades
 12913 | Orc:1    | Reached skill level 10 in Dodging
 12990 | Orc:1    | Noticed a +0 rapier
 13232 | Orc:1    | Killed a +0 rapier
 13317 | Orc:1    | Identified the blade talisman of the Oni {Dex+2 SInv}
 13427 | Orc:2    | Entered Level 2 of the Orcish Mines
 13427 | Orc:2    | Noticed an ettin
 13427 | Orc:2    | Found a staircase to the Elven Halls.
 13479 | Orc:2    | Killed an ettin
 13694 | Orc:2    | Found Echeni's General Store.
 13743 | Orc:2    | Found a runed translucent door.
 13758 | Orc:2    | Noticed gwaga3's ghost (journeyman FoHu)
 13806 | Orc:2    | Noticed an orc warlord
 13809 | Orc:2    | Reached XP level 13. HP: 87/101 MP: 24/24
 13993 | Orc:2    | Killed an orc warlord
 14257 | Orc:2    | Reached skill level 9 in Invocations
 15392 | Orc:2    | Noticed Maurice
 15427 | Orc:2    | Killed Maurice
 15660 | Orc:2    | Found Joxzomaz's General Store.
 15732 | Orc:2    | Found Sadghea's Armour Shoppe.
 15768 | Orc:2    | Found Zimiaz's General Store.
 16142 | Lair:1   | Entered Level 1 of the Lair of Beasts
 16162 | Lair:1   | Found a gate leading to a gauntlet.
 16169 | Gauntlet | Entered a Gauntlet
 16169 | Gauntlet | Found a transporter.
 16178 | Gauntlet | Found a transporter.
 16181 | Gauntlet | Found a transporter.
 16182 | Gauntlet | Found a transporter.
 16186 | Gauntlet | Found a runed translucent door.
 16188 | Gauntlet | Found a runed translucent door.
 16190 | Gauntlet | Found a transporter.
 16193 | Gauntlet | Found a transporter.
 16194 | Gauntlet | Found a transporter.
 16204 | Gauntlet | Found a transporter.
 16208 | Gauntlet | Found a transporter.
 16210 | Gauntlet | Found a transporter.
 16219 | Gauntlet | Found a transporter.
 16230 | Gauntlet | Found a transporter.
 16231 | Gauntlet | Found a transporter.
 16237 | Gauntlet | Found a runed translucent gate.
 16239 | Gauntlet | Found a transporter.
 16240 | Gauntlet | Found a runed translucent gate.
 16241 | Gauntlet | Found a runed translucent gate.
 16263 | Gauntlet | Found the +3 pair of mountain boots {steadfast, rC+}
 16277 | Gauntlet | Reached **** piety under Ashenzari
 16677 | Gauntlet | Reached skill level 10 in Fighting
 16677 | Gauntlet | Reached skill level 10 in Throwing
 16708 | Gauntlet | Identified the Folio of the Big Bang
 16708 | Gauntlet | Noticed a minotaur
 16713 | Gauntlet | Identified the Vellum of the Glacier and Modification
 17107 | Lair:1   | Reached XP level 14. HP: 110/110 MP: 26/26
 17749 | Lair:2   | Reached skill level 10 in Invocations
 17912 | Lair:2   | Noticed Gastronok
 17925 | Lair:2   | Killed Gastronok
 18625 | Lair:3   | Noticed Sonja
 18643 | Lair:3   | Killed Sonja
 18709 | Lair:3   | Found a staircase to the Shoals.
 19040 | Lair:3   | Noticed Amaemon
 19052 | Lair:3   | Killed Amaemon
 19311 | Lair:3   | Found a hole to the Spider Nest.
 19580 | Lair:4   | Found a dark tunnel.
 19588 | Volcano  | Entered a volcano
 19656 | Volcano  | Found a burning altar of Makhleb.
 19707 | Lair:4   | Reached skill level 10 in Short Blades
 19707 | Lair:4   | Reached skill level 10 in Axes
 19707 | Lair:4   | Reached skill level 10 in Maces & Flails
 19707 | Lair:4   | Reached skill level 10 in Polearms
 19707 | Lair:4   | Reached skill level 10 in Staves
 19707 | Lair:4   | Reached skill level 10 in Ranged Weapons
 19707 | Lair:4   | Reached skill level 10 in Armour
 19707 | Lair:4   | Reached skill level 10 in Stealth
 19707 | Lair:4   | Reached skill level 10 in Shields
 19707 | Lair:4   | Reached skill level 10 in Unarmed Combat
 19707 | Lair:4   | Reached skill level 10 in Spellcasting
 19707 | Lair:4   | Reached skill level 11 in Invocations
 19707 | Lair:4   | Reached skill level 10 in Evocations
 19707 | Lair:4   | Reached XP level 15. HP: 118/118 MP: 27/29
 19708 | Lair:4   | Reached XP level 16. HP: 125/125 MP: 27/30
 19775 | Lair:4   | Found a transporter.
 19814 | Lair:4   | Reached XP level 17. HP: 131/131 MP: 31/31
 19825 | Lair:4   | Found a bloodstained altar of Trog.
 20002 | Lair:4   | Found a transporter.
 20115 | Lair:4   | Found a transporter.
 20116 | Lair:4   | Found a transporter.
 20150 | Lair:4   | Noticed Rotomm's ghost (journeyman DsSh)
 20176 | Lair:4   | Killed Rotomm's ghost
 20894 | Lair:5   | Entered Level 5 of the Lair of Beasts
 21015 | Lair:5   | Found a viscous altar of Jiyva.
 21015 | Lair:5   | Found a staircase to the Slime Pits.
 21271 | Lair:5   | Reached skill level 10 in Shapeshifting
 21508 | Lair:5   | Reached skill level 12 in Invocations
 22031 | Lair:5   | Learned a level 5 spell: Borgnjor's Vile Clutch
 23637 | D:13     | Reached XP level 18. HP: 140/140 MP: 33/33
 23818 | D:13     | Found a gate to the Vaults.
 24530 | D:14     | Identified the +0 sling of Misery {drain, rF+}
 24567 | D:14     | Identified the +5 broad axe of Nuechor {venom, rC++}
 25029 | Orc:2    | Bought the +9 scales of the Dragon King {rPois rF+ rC+
                  | Will+} for 1497 gold pieces
 25029 | Orc:2    | Found the +9 scales of the Dragon King {rPois rF+ rC+
                  | Will+}
 25472 | D:15     | Entered Level 15 of the Dungeon
 25472 | D:15     | Noticed Kirke
 25479 | D:15     | Killed Kirke
 25497 | D:15     | Noticed Nessos
 25508 | D:15     | Killed Nessos
 25655 | D:15     | Reached skill level 10 in Conjurations
 25655 | D:15     | Reached skill level 10 in Hexes
 25655 | D:15     | Reached skill level 10 in Summonings
 25655 | D:15     | Reached skill level 10 in Necromancy
 25655 | D:15     | Reached skill level 10 in Translocations
 25655 | D:15     | Reached skill level 10 in Transmutations
 25655 | D:15     | Reached skill level 10 in Fire Magic
 25655 | D:15     | Reached skill level 10 in Ice Magic
 25655 | D:15     | Reached skill level 10 in Air Magic
 25655 | D:15     | Reached skill level 10 in Earth Magic
 25655 | D:15     | Reached skill level 10 in Poison Magic
 25834 | D:15     | Noticed Josephine
 25842 | D:15     | Killed Josephine
 25889 | D:15     | Found a staircase to the Depths.
 26003 | D:15     | Found a runed translucent gate.
 26004 | D:15     | Found a runed translucent gate.
 26004 | D:15     | Found an ancient bone altar of Kikubaaqudgha.
 26005 | D:15     | Found a runed translucent gate.
 26005 | D:15     | Noticed december12's ghost (journeyman BaAr)
 26005 | D:15     | Identified the +2 pair of boots "Tiatel" {*Corrode rC+ rN+}
 26005 | D:15     | Noticed a lich
 26005 | D:15     | Noticed Ifayps's ghost (weakling FoFi)
 26006 | D:15     | Noticed a lich
 26006 | D:15     | Identified the ring of Fukaghuf {+Blink rN+ MP-9 Str+3
                  | Dex+6}
 26006 | D:15     | Noticed a lich
 26276 | D:15     | Noticed Azrael
 26305 | D:15     | Killed Azrael
 26712 | D:15     | Killed a lich
 26717 | D:15     | Killed Ifayps's ghost
 26790 | D:15     | Killed december12's ghost
 26791 | D:15     | Reached skill level 13 in Invocations
 27327 | Spider:1 | Entered Level 1 of the Spider Nest
 29231 | Spider:2 | Reached XP level 19. HP: 148/149 MP: 26/35
 30443 | Spider:3 | Upgraded the game from 0.31-a0-1280-g1fbed5c to
                  | 0.31-a0-1298-g0c08482
 30578 | Spider:4 | Entered Level 4 of the Spider Nest
 30578 | Spider:4 | Noticed Mara
 30579 | Spider:4 | Noticed Agnes
 30691 | Spider:4 | Noticed Arachne
 30721 | Spider:4 | Killed Arachne
 30893 | Spider:4 | Killed Agnes
 30989 | Spider:4 | Noticed wqsa789's illusion
 30992 | Spider:4 | Killed Mara
 31775 | Spider:4 | Reached skill level 14 in Invocations
 31927 | Spider:4 | Got a gossamer rune of Zot
 32354 | Elf:1    | Entered Level 1 of the Elven Halls
 32375 | Elf:1    | Found a radiant altar of Vehumet.
 32495 | Elf:1    | Found Bopreusta's Vocational Training.
 32533 | Elf:1    | Reached XP level 20. HP: 111/158 MP: 28/37
 32936 | Elf:1    | Identified the ring of Beauty {rElec rF++ rC+ Str+6}
 33363 | Elf:2    | Identified the +1 plate armour "Tamurr" {rElec Will++ Dex+3
                  | Stlth-}
 34180 | Elf:2    | Found Puuchulu's Book Emporium.
 34287 | Elf:2    | Found a runed translucent gate.
 34288 | Elf:2    | Found a runed translucent gate.
 34288 | Elf:2    | Found a runed translucent gate.
 34337 | Elf:3    | Entered Level 3 of the Elven Halls
 34346 | Elf:3    | Paralysed by an air elemental for 1 turns
 35238 | Elf:3    | Reached skill level 15 in Long Blades
 35238 | Elf:3    | Reached skill level 15 in Dodging
 35498 | Elf:3    | Identified the ring of Titeiful {*Slow +Blink rN+ Str-5
                  | Int+6}
 36068 | Elf:3    | Identified the +4 cloak of Ornamental Awe {rElec MP+9
                  | Int+2}
 36076 | Elf:3    | Identified the +3 short sword of Ejatihoc {elec, *Corrode
                  | rC++}
 36146 | Elf:3    | Identified the staff "Dar Nof" {rC+ Str+2 Ice}
 36155 | Elf:3    | Found the +1 Delatra's gloves {ID++}
 36156 | Elf:3    | Identified the +2 cloak "Suarewne" {-Tele Fly rF+ Int+2}
 36168 | Elf:3    | Identified the +10 mace "Worr" {pain, ^Contam rElec Str+8}
 36168 | Elf:3    | Found the +5 glaive of the Guard {elec, spectral}
 36623 | Shoals:1 | Entered Level 1 of the Shoals
 36635 | Shoals:1 | Reached skill level 15 in Invocations
 36765 | Shoals:1 | Reached XP level 21. HP: 166/166 MP: 29/38
 37331 | Shoals:2 | Noticed Polyphemus
 37363 | Shoals:2 | Killed Polyphemus
 37594 | Shoals:2 | Found a frozen archway.
 37617 | IceCv    | Entered an ice cave
 37778 | IceCv    | Found an ancient bone altar of Kikubaaqudgha.
 37898 | IceCv    | Identified Sif Muna's Catalogue of Chilblains
 38087 | IceCv    | Identified Obbaik's Papyrus of Charnel Cold
 38356 | Shoals:2 | Reached skill level 15 in Fighting
 38356 | Shoals:2 | Reached skill level 15 in Throwing
 38464 | Shoals:2 | Noticed Roxanne
 38481 | Shoals:2 | Killed Roxanne
 38649 | Shoals:3 | Noticed Jorgrun
 38662 | Shoals:3 | Killed Jorgrun
 38668 | Shoals:3 | Noticed Ilsuiw
 38693 | Shoals:3 | Killed Ilsuiw
 39462 | Shoals:4 | Entered Level 4 of the Shoals
 39640 | Shoals:4 | Got a barnacled rune of Zot
 39706 | Shoals:4 | Reached XP level 22. HP: 183/183 MP: 34/43
 39732 | Shoals:4 | Found Lecloh's Antique Armour Boutique.
 39954 | Shoals:4 | Identified the Catalogue of Configuration
 40355 | Vaults:1 | Entered Level 1 of the Vaults
 40661 | Vaults:1 | Reached skill level 16 in Invocations
 41442 | Vaults:1 | Found Puetomoo's Weapon Shoppe.
 41467 | Vaults:1 | Bought a +7 long sword of freezing for 866 gold pieces
 41707 | Vaults:2 | Reached skill level 15 in Short Blades
 41707 | Vaults:2 | Reached skill level 15 in Axes
 41707 | Vaults:2 | Reached skill level 15 in Maces & Flails
 41707 | Vaults:2 | Reached skill level 15 in Polearms
 41707 | Vaults:2 | Reached skill level 15 in Staves
 41707 | Vaults:2 | Reached skill level 15 in Ranged Weapons
 41707 | Vaults:2 | Reached skill level 15 in Armour
 41707 | Vaults:2 | Reached skill level 15 in Stealth
 41707 | Vaults:2 | Reached skill level 15 in Shields
 41707 | Vaults:2 | Reached skill level 15 in Unarmed Combat
 41707 | Vaults:2 | Reached skill level 15 in Spellcasting
 41707 | Vaults:2 | Reached skill level 15 in Evocations
 41854 | Vaults:2 | Noticed Bai Suzhen
 41860 | Vaults:2 | Noticed Zenata
 42169 | Vaults:2 | Killed Bai Suzhen
 42360 | Vaults:2 | Killed Zenata
 42555 | Vaults:2 | Noticed Boris
 42556 | Vaults:2 | Reached XP level 23. HP: 190/192 MP: 35/44
 42570 | Vaults:2 | Killed Boris
 42600 | Vaults:2 | Found Juint's Weapon Shoppe.
 43534 | Vaults:2 | Found a staircase to the Crypt.
 43638 | Vaults:3 | Noticed Xtahua
 43677 | Vaults:3 | Killed Xtahua
 43897 | Vaults:3 | Found Piso's Magic Scroll Emporium.
 43903 | Vaults:3 | Bought a scroll of teleportation for 54 gold pieces
 43903 | Vaults:3 | Bought a scroll of fog for 72 gold pieces
 43903 | Vaults:3 | Bought a scroll of fog for 72 gold pieces
 44954 | Vaults:4 | Found a magical portal.
 44963 | WizLab   | Entered Cigotuvi's Fleshworks
 45003 | WizLab   | Reached skill level 17 in Invocations
 45186 | Vaults:4 | Identified the +10 short sword of the Grinning Gods {flame,
                  | rElec rC+ Int+3}
 45186 | Vaults:4 | Identified the ring of Lotu {^Drain +Blink rC+ EV+5 Dex+2}
 45236 | Vaults:4 | Identified the +6 chain mail of Apathy {rN+}
 45236 | Vaults:4 | Identified the +5 sling of Viofrel {heavy, rElec rF+ Will+}
 45236 | Vaults:4 | Noticed a dread lich
 45247 | Vaults:4 | Killed a dread lich
 45628 | Vaults:4 | Noticed Mennas
 45654 | Vaults:4 | Killed Mennas
 46222 | Vaults:4 | Identified the serpent talisman of Minor Irritation {rN+
                  | Int+2}
 46222 | Vaults:4 | Noticed Aizul
 46236 | Vaults:4 | Killed Aizul
 46451 | Vaults:5 | Entered Level 5 of the Vaults
 46458 | Vaults:5 | Reached XP level 24. HP: 130/204 MP: 37/46
 46629 | Vaults:5 | Identified the +3 buckler "Lucuisuwn" {rC- Will++ Int+4}
 46635 | Vaults:5 | Identified the +0 leather armour "Vej Jeu" {rC+ Stlth+}
 47108 | Vaults:5 | Noticed Frederick
 47118 | Vaults:5 | Killed Frederick
 47171 | Vaults:5 | Reached skill level 15 in Shapeshifting
 47318 | Vaults:5 | Noticed a dread lich
 47330 | Vaults:5 | Killed a dread lich
 47704 | Abyss:3  | Cast into level 3 of the Abyss (vault warden)
 47711 | Abyss:3  | Found a corrupted altar of Lugonu.
 47944 | Vaults:5 | Escaped the Abyss
 48259 | Vaults:5 | Reached skill level 18 in Invocations
 48647 | Vaults:5 | Reached XP level 25. HP: 163/207 MP: 38/47
 48834 | Vaults:5 | Identified the +3 flail of Yczuth {heavy, Str+3}
 48846 | Vaults:5 | Got a silver rune of Zot
 49303 | Depths:1 | Entered Level 1 of the Depths
 49846 | Depths:1 | Found a gateway to Hell.
 49848 | Depths:1 | Found a bloodstained altar of Trog.
 50029 | Depths:1 | Found a bloodstained altar of Trog.
 50083 | Depths:1 | Found a one-way gateway to a ziggurat.
 51244 | Depths:2 | Reached ***** piety under Ashenzari
 51458 | Depths:2 | Identified the +6 rapier of Change {heavy, *Rage rElec
                  | rCorr SInv}
 52016 | Depths:2 | Reached XP level 26. HP: 94/222 MP: 39/48
 52286 | Depths:2 | Found a one-way gate leading to the halls of Pandemonium.
 52288 | Depths:2 | Found a one-way gate to the infinite horrors of the Abyss.
 52288 | Depths:2 | Identified the +3 sling of the Ghostly God {freeze, Dex+7
                  | Stlth+}
 52288 | Depths:2 | Identified the +9 shortbow of Indomitability {heavy, Str+2}
 52290 | Depths:2 | Identified the +0 cloak of the Big Bang {MP+9 Str-4 Int+5}
 52290 | Depths:2 | Identified the +5 short sword of Ilus {speed, *Rage rF+
                  | Will+ Int+2}
 53048 | Depths:3 | Noticed Parghit
 53068 | Depths:3 | Killed Parghit
 53069 | Depths:3 | Reached skill level 19 in Invocations
 53220 | Depths:3 | Reached skill level 15 in Conjurations
 53220 | Depths:3 | Reached skill level 15 in Hexes
 53220 | Depths:3 | Reached skill level 15 in Summonings
 53220 | Depths:3 | Reached skill level 15 in Necromancy
 53220 | Depths:3 | Reached skill level 15 in Translocations
 53220 | Depths:3 | Reached skill level 15 in Transmutations
 53220 | Depths:3 | Reached skill level 15 in Fire Magic
 53220 | Depths:3 | Reached skill level 15 in Ice Magic
 53220 | Depths:3 | Reached skill level 15 in Air Magic
 53220 | Depths:3 | Reached skill level 15 in Earth Magic
 53220 | Depths:3 | Reached skill level 15 in Poison Magic
 53439 | Depths:3 | Found Jaxec's Jewellery Shoppe.
 53439 | Depths:3 | Found Tozy's Book Boutique.
 53441 | Depths:3 | Found Degoymeu's Jewellery Shoppe.
 53710 | Depths:4 | Entered Level 4 of the Depths
 54225 | Depths:4 | Found a gate to the Realm of Zot.
 54341 | Depths:4 | Reached ****** piety under Ashenzari
 54401 | Depths:4 | Found Figasir's Magic Scroll Boutique.
 54401 | Depths:4 | Found Jaugrab's Magic Scroll Shop.
 54410 | Depths:4 | Bought a scroll of fog for 56 gold pieces
 54410 | Depths:4 | Bought a scroll of blinking for 105 gold pieces
 54416 | Depths:4 | Bought a scroll of summoning for 209 gold pieces
 54416 | Depths:4 | Bought a scroll of teleportation for 66 gold pieces
 54416 | Depths:4 | Bought a scroll of blinking for 165 gold pieces
 54416 | Depths:4 | Bought a scroll of teleportation for 66 gold pieces
 54416 | Depths:4 | Bought a scroll of summoning for 209 gold pieces
 55251 | Zot:1    | Entered Level 1 of the Realm of Zot
 55251 | Zot:1    | Noticed a Killer Klown
 55251 | Zot:1    | Noticed an ancient lich
 55253 | Zot:1    | Noticed a Killer Klown
 55275 | Zot:1    | Killed an ancient lich
 55280 | Zot:1    | Killed a Killer Klown
 55282 | Zot:1    | Killed a Killer Klown
 55622 | Zot:1    | Upgraded the game from 0.31-a0-1298-g0c08482 to
                  | 0.31-a0-1300-gb6740aa
 55700 | Zot:1    | Reached XP level 27. HP: 157/240 MP: 42/51
 56661 | Zot:4    | Noticed an orb of fire
 56687 | Zot:4    | Gained mutation: You are weak. (Str -2) [an orb of fire]
 56691 | Zot:4    | Lost mutation: You are weak. (Str -2) [an orb of fire]
 56692 | Zot:4    | Gained mutation: You are vulnerable to heat. (rF-) [an orb
                  | of fire]
 56697 | Zot:4    | Gained mutation: You occasionally shout uncontrollably at
                  | your foes. [an orb of fire]
 56700 | Zot:4    | Gained mutation: You occasionally lose the ability to read
                  | scrolls when taking damage. [an orb of fire]
 56703 | Zot:4    | Killed an orb of fire
 56719 | Zot:3    | Lost mutation: You are vulnerable to heat. (rF-) [potion of
                  | mutation]
 56719 | Zot:3    | Lost mutation: You occasionally lose the ability to read
                  | scrolls when taking damage. [potion of mutation]
 56719 | Zot:3    | Lost mutation: You occasionally shout uncontrollably at
                  | your foes. [potion of mutation]
 56719 | Zot:3    | Gained mutation: You have hidden genetic potential. [potion
                  | of mutation]
 56719 | Zot:3    | Gained mutation: Your spells are a little harder to cast,
                  | but a little more powerful. [potion of mutation]
 56750 | Zot:5    | Entered Level 5 of the Realm of Zot
 57279 | Zot:5    | Identified the +9 mace of Parsimonious Guile {elec,
                  | ^Fragile rF+ rC++ Will-}
 57444 | Zot:5    | Noticed an ancient lich
 57490 | Zot:5    | Killed an ancient lich
 57539 | Zot:5    | Identified the cursed +1 cloak "Per Aspera Ad Scientiam"
                  | {rCorr, Elem, Melee} (You found it on level 4 of the Lair
                  | of Beasts)
 57539 | Zot:5    | Identified the cursed +2 pair of gloves "Eternal Seer"
                  | {Dex+3, Self, Alch} (You found it on level 3 of the Elven
                  | Halls)
 57563 | Zot:5    | Noticed an orb of fire
 57566 | Zot:5    | Gained mutation: You are frail. (-10% HP) [an orb of fire]
 57576 | Zot:5    | Killed an orb of fire
 57597 | Zot:5    | Reached skill level 20 in Invocations
 57633 | Zot:5    | Noticed a dread lich
 57642 | Zot:5    | Killed a dread lich
 57796 | Zot:5    | Lost mutation: Your spells are a little harder to cast, but
                  | a little more powerful. [potion of mutation]
 57796 | Zot:5    | Lost mutation: You are frail. (-10% HP) [potion of
                  | mutation]
 57796 | Zot:5    | Lost mutation: You have hidden genetic potential. [potion
                  | of mutation]
 57796 | Zot:5    | Gained mutation: Your muscles are strong. (Str +4, Int/Dex
                  | -1) [potion of mutation]
 57796 | Zot:5    | Gained mutation: Your flesh is heat resistant. (rF+)
                  | [potion of mutation]
 57796 | Zot:5    | Gained mutation: You have sharp toenails. [potion of
                  | mutation]
 58405 | Zot:5    | Noticed an orb of fire
 58419 | Zot:5    | Lost mutation: Your muscles are strong. (Str +4, Int/Dex
                  | -1) [an orb of fire]
 58458 | Zot:5    | Noticed a dread lich
 58465 | Zot:5    | Killed a dread lich
 58467 | Zot:5    | Noticed a dread lich
 58716 | Zot:5    | Gained mutation: Your body sometimes deteriorates upon
                  | taking damage. [an orb of fire]
 58718 | Zot:5    | Gained mutation: You are dopey. (Int -2) [mutagenic glow]
 58726 | Zot:5    | Gained mutation: Your spells are a little easier to cast,
                  | but a little less powerful. [an orb of fire]
 58727 | Zot:5    | Killed an orb of fire
 58740 | Zot:5    | Gained mutation: You are very dopey. (Int -4) [mutagenic
                  | glow]
 58751 | Zot:5    | Gained mutation: Your body often deteriorates upon taking
                  | damage. [mutagenic glow]
 58764 | Zot:5    | Lost mutation: Your spells are a little easier to cast, but
                  | a little less powerful. [potion of mutation]
 58764 | Zot:5    | Lost mutation: You have sharp toenails. [potion of
                  | mutation]
 58764 | Zot:5    | Lost mutation: Your flesh is heat resistant. (rF+) [potion
                  | of mutation]
 58976 | Zot:5    | Lost mutation: You are very dopey. (Int -4) [potion of
                  | mutation]
 58976 | Zot:5    | Lost mutation: Your body often deteriorates upon taking
                  | damage. [potion of mutation]
 58976 | Zot:5    | Gained mutation: You are very dopey. (Int -4) [potion of
                  | mutation]
 58976 | Zot:5    | Gained mutation: You are somewhat resistant to further
                  | mutation. [potion of mutation]
 58977 | Zot:5    | Lost mutation: Your body sometimes deteriorates upon taking
                  | damage. [potion of mutation]
 58977 | Zot:5    | Lost mutation: You are somewhat resistant to further
                  | mutation. [potion of mutation]
 58977 | Zot:5    | Gained mutation: You are somewhat resistant to further
                  | mutation. [potion of mutation]
 59061 | Zot:5    | Got the Orb of Zot
 59158 | Zot:1    | Noticed Hujyjuyp the pandemonium lord
 59168 | Zot:1    | Killed Hujyjuyp the pandemonium lord
 59568 | D:1      | Noticed Ytwyej Maw the pandemonium lord
 59587 | D:1      | Killed Ytwyej Maw the pandemonium lord
 59615 | D:$      | Escaped with the Orb!

Illustrated notes

Levels and vault maps discovered:
D:1:      dpeg_arrival_snail, layout_loops_corners, serial_shops, shop,
          nicolae_shop_stone, nicolae_shop_drivethru, shop,
          nicolae_shop_scrapyard
D:2:      layout_basic, minmay_hexomino_p4, uniq_robin
D:3:      layout_rooms, nicolae_ru_the_path_less_chosen, serial_glass,
          glass_columns_b, glass_columns_c, due_unseen_surprise,
          minmay_strange_pillars, feat_on_display, feat_on_display,
          dreamdust_ecumenical_altar_statues, hangedman_decor_clover_reticule,
          uniq_crazy_yiuf_cottage
D:4:      kennysheep_kobold_camp, layout_basic, xom_butterflies
D:5:      layout_loops_corners, fiery_altar_vehumet, minmay_misc_feat_plants
D:6:      layout_loops_ring, zin_purify, general_overflow_altar,
          minmay_temple_entry_arrows, dreamdust_mushroom_princess
D:7:      layout_cave_pools, uniq_pikel
D:8:      layout_loops_ring, nicolae_sif_muna_little_library,
          grunt_lair_entry_orc_guard_hut, nicolae_rank_and_phial, uniq_joseph
D:9:      minmay_tri_box, layout_rooms, okawaru_ov_weapons_minmay,
          nicolae_gozag_seed_capital, makhleb_altar_promises_db, david_orc_2,
          uniq_grum, uniq_jeremiah
D:10:     layout_rooms, fedhas_ov_isle_minmay, tso_metal_star, special_room
          [special_room_bee], kennysheep_nondescript, grunt_ministairs_11,
          minmay_nine_imps, uniq_erica, uniq_lodul
D:11:     layout_rooms
D:12:     layout_roguey
D:13:     layout_long_grid, hellmonk_vaults_keyhole,
          kennysheep_cross_bottleneck, kennysheep_island_fort
D:14:     layout_basic, nicolae_lava_and_water, serial_shops, kennysheep_mini,
          minivault_12
D:15:     hangedman_depths_entry_try_elsewhere_first, layout_layer_cave,
          gammafunk_ghost_crypt, uniq_azrael, uniq_josephine, uniq_nessos,
          uniq_kirke
Temple:   bh_familiar_temple
Lair:1:   layout_loops_ring, gauntlet_entry_generic, lemuel_fruit_fields
Lair:2:   layout_loops_ring, beast_lair_carwin_11, uniq_gastronok
Lair:3:   layout_roguey, minmay_shoals_entry_centaurs, spider_nest_entry_rubble,
          special_room [special_room_mythical_zoo], uniq_amaemon, uniq_sonja
Lair:4:   gammafunk_cloud_chamber, layout_cave_pods, enter_volcano_1,
          gammafunk_ghost_wrathful_warriors, wad_woods_03
Lair:5:   grunt_lair_end_beastmaster, layout_cave_shapes, slime_entry_1,
          minivault_11, roderic_batcave, bh_autumn_forest_stairs,
          pdpol_lair_neglected_garden
Shoals:1: layout_shoals, nicolae_shoals_siren_and_animal_friends
Shoals:2: layout_shoals, portal_ice_cave_entry_ugly_swarm, uniq_polyphemus,
          uniq_roxanne
Shoals:3: layout_shoals, nicolae_shoals_aquamancer_cove, uniq_jorgrun,
          uniq_ilsuiw
Shoals:4: shoals_end_hangedman, layout_shoals, serial_shops, shop
Spider:1: layout_chambers
Spider:2: layout_spider_delve
Spider:3: layout_spider_delve, nicolae_spider_baby_got_redback
Spider:4: grunt_spider_rune_circles, nicolae_spider_orb_run, uniq_agnes,
          uniq_arachne, uniq_mara
Orc:1:    layout_caves, hellmonk_talismancer
Orc:2:    st_orc_town, layout_diamond_mine, basic_altar, serial_shops,
          nicolae_shop_tiny_statue_garden, ebering_ghost_reflecting_pool,
          mines5_lemuel, uniq_maurice
Elf:1:    eino_elf_arrival_altar, layout_gridlike, serial_shops,
          nicolae_shop_bloodbath_and_beyond, nicolae_elf_blasts_and_bolts,
          nicolae_shop_vocational
Elf:2:    nicolae_elf_blades_crystal_corner, layout_loops_corners, serial_shops,
          shop, lemuel_upstairs_altar
Elf:3:    minmay_elf_hall_hex, layout_gridlike, dk_noncrumbling_2,
          serial_library_hellmonk_long_bookcase
Vaults:1: nicolae_vaults_shrinking_rooms_2, v_misc_17,
          nicolae_vaults_oval_intersection, nicolae_vaults_trapezoid_lopsided_2,
          nicolae_vaults_little_squares_6, hangedman_vaults_nodes,
          nicolae_vaults_prndl, v_misc_9, nicolae_vaults_apartment_1, v_misc_24,
          nicolae_vaults_prndl, nicolae_vaults_little_squares_1,
          vaults_mumra_hexcomb, vaults_room_fours, layout_vaults_ring,
          serial_shops, shop
Vaults:2: nicolae_vaults_closet_pinwheel_3, nicolae_vaults_wrenched,
          hangedman_vaults_hat, nicolae_vaults_tangram_1, v_rooms_1,
          nicolae_vaults_disjoint_gnomons, hangedman_vaults_snaps,
          minmay_crypt_entry_simple_plaza, nicolae_vaults_hallways_thing,
          vaults_room_pool, vaults_dpeg_emergency_exit,
          nicolae_vaults_shipping_containers_5, layout_vaults_maze_snakey,
          serial_shops, shop, uniq_bai_suzhen, uniq_boris, uniq_zenata
Vaults:3: v_misc_15, nicolae_vaults_network_quincunx
          [nicolae_vaults_network_quincunx_subvault,
          nicolae_vaults_network_quincunx_subvault,
          nicolae_vaults_network_quincunx_subvault,
          nicolae_vaults_network_quincunx_subvault,
          nicolae_vaults_network_quincunx_subvault],
          nicolae_vaults_offset_grid_hallway_2,
          nicolae_vaults_oval_intersection, nicolae_vaults_house_2,
          nicolae_vaults_wine_cellar, nicolae_vaults_more_shelving_1,
          nicolae_vaults_house_1, layout_vaults_big_room, serial_shops,
          nicolae_shop_tiny_statue_garden, uniq_xtahua
Vaults:4: mu_enter_wizlab_3, nicolae_vaults_hexular_roomagon, v_misc_11,
          nicolae_vaults_storing_the_good_stuff, nicolae_vaults_trapezoid_4,
          nicolae_vaults_trapezoid_lopsided_3, layout_vaults_quadrants,
          uniq_mennas, uniq_aizul
Vaults:5: uniq_frederick
Depths:1: cheibrodos_birdhouse, layout_cave_shapes, enter_ziggurat_b,
          bloody_trog, hell_entry, minmay_misc_feat_doors,
          corexii_leaking_fountain, minivault_14, serial_bayou_pond_a,
          roadster_trireme
Depths:2: box_level_dp, hell_entry, serial_shops, pan_entry, abyss_entry
Depths:3: nicolae_moon_pools, layout_cave_shapes, abyss_entry,
          minmay_misc_feat_enclosed, hell_entry, minmay_shop_grove, uniq_parghit
Depths:4: grunt_zot_entry_bicorn, layout_gridlike, grunt_hell_entry_dis_mu,
          serial_bayou_lagoon_a, abyss_entry_small_statue_room, minmay_shoptagon
Zot:1:    ebering_klown_carousel, layout_twisted_circle
Zot:2:    layout_misc_corridors
Zot:3:    layout_gridlike, basic_altar
Zot:4:    layout_onion_interference, regret_index_zotdec_bone_old
Zot:5:    layout_gridlike, st_stairs_4, nicolae_tricolors

Skill      XL: |  1  2  3  4  5  6  7  8  9 10 11 12 13 14 15 16 17 18 19 20 21 22 23 24 25 26 27 |
---------------+----------------------------------------------------------------------------------+-----
Invocations    | 1 2 3 4 5 6 7 8 9 11 12 13 14 15 16 17 18 19 20 | 20.4
Short Blades   | 1 2 3 4 5 6 7 8 10 11 12 13 14 15 16 17 18 | 18.9
Axes           | 1 2 3 4 5 6 7 8 10 11 12 13 14 15 16 17 18 | 18.9
Maces & Flails | 1 2 3 4 5 6 7 8 10 11 12 13 14 15 16 17 18 | 18.9
Polearms       | 1 2 3 4 5 6 7 8 10 11 12 13 14 15 16 17 18 | 18.9
Staves         | 1 2 3 4 5 6 7 8 10 11 12 13 14 15 16 17 18 | 18.9
Ranged Weapons | 1 2 3 4 5 6 7 8 10 11 12 13 14 15 16 17 18 | 18.9
Armour         | 1 2 3 4 5 6 7 8 10 11 12 13 14 15 16 17 18 | 18.9
Stealth        | 1 2 3 4 5 6 7 8 10 11 12 13 14 15 16 17 18 | 18.9
Shields        | 1 2 3 4 5 6 7 8 10 11 12 13 14 15 16 17 18 | 18.9
Unarmed Combat | 1 2 3 4 5 6 7 8 10 11 12 13 14 15 16 17 18 | 18.9
Spellcasting   | 1 2 3 4 5 6 7 8 10 11 12 13 14 15 16 17 18 | 18.9
Evocations     | 1 2 3 4 5 6 7 8 10 11 12 13 14 15 16 17 18 | 18.9
Shapeshifting  | 1 2 3 4 5 6 7 8 9 10 11 12 13 14 15 16 17 | 17.4
Conjurations   | 1 2 3 4 5 6 7 8 9 10 11 12 13 14 15 16 | 16.1
Hexes          | 1 2 3 4 5 6 7 8 9 10 11 12 13 14 15 16 | 16.1
Summonings     | 1 2 3 4 5 6 7 8 9 10 11 12 13 14 15 16 | 16.1
Necromancy     | 1 2 3 4 5 6 7 8 9 10 11 12 13 14 15 16 | 16.1
Translocations | 1 2 3 4 5 6 7 8 9 10 11 12 13 14 15 16 | 16.1
Transmutations | 1 2 3 4 5 6 7 8 9 10 11 12 13 14 15 16 | 16.1
Fire Magic     | 1 2 3 4 5 6 7 8 9 10 11 12 13 14 15 16 | 16.1
Ice Magic      | 1 2 3 4 5 6 7 8 9 10 11 12 13 14 15 16 | 16.1
Air Magic      | 1 2 3 4 5 6 7 8 9 10 11 12 13 14 15 16 | 16.1
Earth Magic    | 1 2 3 4 5 6 7 8 9 10 11 12 13 14 15 16 | 16.1
Poison Magic   | 1 2 3 4 5 6 7 8 9 10 11 12 13 14 15 16 | 16.1
Fighting       | 5 6 7 8 9 10 11 12 13 14 15 16 17 18 19 | 19.3
Throwing       | 5 6 7 8 9 10 11 12 13 14 15 16 17 18 19 | 19.3
Long Blades    | 7 8 9 10 11 12 13 14 15 16 17 18 19 | 19.8
Dodging        | 7 8 9 10 11 12 13 14 15 16 17 18 19 | 19.8

Action                     |  1- 3 |  4- 6 |  7- 9 | 10-12 | 13-15 | 16-18 | 19-21 | 22-24 | 25-27 || total
---------------------------+-------+-------+-------+-------+-------+-------+-------+-------+-------++-------
  Melee: Long sword        |    90 |   207 |   278 |   958 |   363 |       |       |       |       ||  1896
         Bite              |    10 |    16 |    38 |   131 |   127 |   252 |   361 |   439 |   513 ||  1887
         Punch             |     1 |     4 |     7 |       |       |       |       |       |       ||    12
         Scimitar          |       |       |       |       |   474 |  1283 |  1917 |  1309 |       ||  4983
         Eudemon blade     |       |       |       |       |       |       |       |   651 |  2318 ||  2969
  Throw: Javelin           |       |     8 |     2 |     8 |     3 |     1 |       |       |       ||    22
         Throwing net      |       |     4 |     1 |     2 |       |       |       |     1 |       ||     8
         Dart              |       |     2 |     3 |    15 |    32 |       |       |       |       ||    52
   Cast: Borgnjor's Vile C |       |       |       |       |       |     5 |       |       |       ||     5
 Invoke: Curse Item        |       |       |     2 |     3 |     2 |     2 |     2 |     2 |     3 ||    16
         Shatter the Chain |       |       |       |     1 |       |     3 |     1 |     1 |       ||     6
  Evoke: Wand              |       |     2 |    36 |    18 |     3 |     4 |    41 |    22 |    15 ||   141
         Phial of floods   |       |       |       |     4 |     2 |       |     1 |     1 |     1 ||     9
         Lightning rod     |       |       |       |     8 |     8 |     7 |    24 |    14 |    11 ||    72
         Phantom mirror    |       |       |       |       |     1 |     1 |     2 |     4 |     6 ||    14
         Condenser vane    |       |       |       |       |       |     1 |     6 |     5 |     4 ||    16
    Use: Scroll            |     2 |       |     3 |     8 |     8 |     2 |     6 |    13 |    26 ||    68
         Potion            |       |     1 |       |     5 |     8 |     3 |     3 |     9 |    41 ||    70
   Stab: Sleeping          |     2 |     2 |     4 |     5 |    14 |    11 |       |       |       ||    38
         Held in net/web   |       |     1 |     1 |       |       |       |       |     2 |       ||     4
         Distracted        |       |     2 |       |     2 |     6 |     2 |     1 |     2 |     4 ||    19
         Paralysed         |       |       |       |    11 |       |     2 |       |       |       ||    13
         Invisible         |       |       |       |       |       |     1 |     7 |     9 |     4 ||    21
         Petrified         |       |       |       |       |       |     3 |     1 |       |       ||     4
         Petrifying        |       |       |       |       |       |       |     1 |       |       ||     1
         Confused          |       |       |       |       |       |       |       |     1 |     1 ||     2
 Armour: Leather armour    |    35 |   122 |    48 |       |       |       |       |       |       ||   205
         Steam dragon scal |       |       |    84 |   143 |       |       |       |       |       ||   227
         Troll leather arm |       |       |       |   148 |   217 |   228 |       |       |       ||   593
         Skin              |       |       |       |    36 |    34 |       |       |       |    34 ||   104
         Gold dragon scale |       |       |       |       |       |   351 |  1108 |  1097 |  1402 ||  3958
  Dodge: Dodged            |    68 |   123 |   162 |   503 |   380 |   654 |   705 |   872 |  1230 ||  4697
  Block: Other             |       |    19 |    34 |       |       |       |       |       |       ||    53
         Buckler           |       |       |    63 |   423 |       |       |       |       |       ||   486
         Reflection        |       |       |     6 |     4 |       |       |       |       |       ||    10
         Kite shield       |       |       |       |   124 |   651 |  1183 |  1950 |  1971 |  2323 ||  8202

Table legend: (Time is in decaauts)
 A = Elapsed time spent in this place.
 B = Non-inter-level travel time spent in this place.
 C = Inter-level travel time spent in this place.
 D = Time resting spent in this place.
 E = Time spent auto-exploring this place.
 F = Levels seen in this place.
 G = Mean time per level.
                   A        B        C        D        E       F      G
               +--------+--------+--------+--------+--------+-----+--------+
         Total |  57518 |  52082 |   5436 |   7399 |  27559 |  53 | 1085.2 |
       Dungeon |  18205 |  15583 |   2622 |   2273 |   9360 |  15 | 1213.7 |
        Temple |    134 |      4 |    130 |      0 |      0 |   1 |  134.0 |
          Lair |   5614 |   4785 |    829 |    164 |   3071 |   5 | 1122.8 |
        Shoals |   3035 |   2812 |    223 |    135 |   1534 |   4 |  758.8 |
   Spider Nest |   4686 |   4407 |    279 |    827 |   2036 |   4 | 1171.5 |
  Orcish Mines |   3333 |   3108 |    225 |    520 |   1199 |   2 | 1666.5 |
   Elven Halls |   3959 |   3793 |    166 |    555 |   2025 |   3 | 1319.7 |
        Vaults |   7946 |   7772 |    174 |   1068 |   4385 |   5 | 1589.2 |
        Depths |   5594 |   5278 |    316 |    643 |   3020 |   4 | 1398.5 |
           Zot |   3551 |   3081 |    470 |    994 |    511 |   5 |  710.2 |
         Abyss |    195 |    195 |      0 |      0 |     97 |   1 |  195.0 |
      Ice Cave |    509 |    509 |      0 |     12 |    201 |   1 |  509.0 |
       Volcano |    113 |    113 |      0 |      0 |      7 |   1 |  113.0 |
        Wizlab |     82 |     82 |      0 |      0 |     12 |   1 |   82.0 |
      Gauntlet |    555 |    555 |      0 |    206 |    100 |   1 |  555.0 |
               +--------+--------+--------+--------+--------+-----+--------+

Top non-repeatable levels by time:
     D:8: 2329 daAuts
   Orc:2: 2251 daAuts
Depths:2: 2179 daAuts
   Zot:5: 2101 daAuts
Vaults:5: 2048 daAuts
   Elf:3: 1977 daAuts
Vaults:2: 1844 daAuts
    D:15: 1690 daAuts
     D:2: 1573 daAuts
Vaults:4: 1570 daAuts
Spider:1: 1563 daAuts
     D:1: 1558 daAuts
     D:9: 1557 daAuts
Depths:4: 1495 daAuts
Spider:4: 1445 daAuts
